 Dungeon Crawl Stone Soup version 0.31-a0-1074-g0b22e4e0f1 (webtiles) character file.

Game seed: 1515643171152233861

11412 croobank the Mimic (level 11, -4/112 HPs)
             Began as an Octopode Shapeshifter on Dec 3, 2023.
             Was a Believer of Ashenzari.
             Slain by a yak (17 damage)
             ... on level 11 of the Dungeon.
             The game lasted 00:33:12 (9978 turns).

croobank the Mimic (Octopode Shapeshifter)          Turns: 9978, Time: 00:33:13

Health: -4/112     AC:  3    Str: 19    XL:     11   Next: 77%
Magic:  22/22      EV: 16    Int: 23    God:    Ashenzari [**....]
Gold:   450        SH:  0    Dex: 12    Spells: 12/25 levels left

rFire   . . .        v - melded +3 dagger (speed)
rCold   . . .        (shield currently unavailable)
rNeg    . . .        o - +2 hat "Astrological Seeker" {Melee, Dev} (curse)
rPois   +            (no amulet)
rElec   .            g - ring "Thunder Perfect Mind" {rPois, Cun, Melee} (curse)
rCorr   +            x - ring of the Clairvoyant Seeker {Will+, Cun, Comp} (curse)
SInv    +            s - ring of resist corrosion
Will    +....        J - +6 ring of strength Stlth
                     K - ring "Astral Rationality" {Int+6, Self, Melee} (curse)
HPRegen 0.38/turn    (no ring)
MPRegen 0.18/turn    (no ring)
                     (no ring)

%: no passive effects
@: berserking, flux-form, glowing, very quick
A: glow, contaminating, almost no armour, amphibious, 8 rings, camouflage 1,
gelatinous body 1, (nimble swimmer 1), tentacles
a: Begin Untransformation, Renounce Religion, Shatter the Chains


You were on level 11 of the Dungeon.
You worshipped Ashenzari.
Ashenzari was pleased with you.
You were something dangerously unstable.
You visited 2 branches of the dungeon, and saw 12 of its levels.

You collected 450 gold pieces.

Inventory:

Hand Weapons
 h - a +0 dagger
 l - a +0 orcbow
 p - a +3 dire flail
 q - a +2 long sword of freezing
 v - a +3 dagger of speed (melded)
 y - a +0 trident of venom
 D - a +4 quarterstaff of chaos
 E - the +0 hammer of Patience {flame, Dex+3}
   (You found it on level 6 of the Dungeon)

   Dex+3:     It affects your dexterity (+3).
 G - a +1 whip of flaming
 L - a +1 dagger of electrocution
Missiles
 M - 22 poisoned darts (quivered)
 N - 4 javelins
Armour
 o - the cursed +2 hat "Astrological Seeker" (worn) {Melee, Dev}
   (You found it on level 2 of the Dungeon)

   It has a curse which improves the following skills: Melee Combat: Short
   Blades, Long Blades, Axes, Maces & Flails, Polearms, Staves and Unarmed
   Combat.
   Devices:   Evocations and Shapeshifting.
Magical Staves
 r - a staff of air
 A - a staff of fire
Jewellery
 g - the cursed ring "Thunder Perfect Mind" (left tentacle) {rPois, Cun, Melee}
   (You found it on level 4 of the Dungeon)

   [ring of poison resistance]

   rPois:     It protects you from poison It has a curse which improves the
   following skills: Cunning: Dodging and Stealth.
   Melee Combat: Short Blades, Long Blades, Axes, Maces & Flails, Polearms,
   Staves and Unarmed Combat.
 s - a ring of resist corrosion (on tentacle)
 x - the cursed ring of the Clairvoyant Seeker (right tentacle) {Will+, Cun, Comp}
   (You found it on level 4 of the Dungeon)

   [ring of willpower]

   Will+:     It increases your willpower.
   It has a curse which improves the following skills: Cunning: Dodging and
   Stealth.
   Companions: Summonings and Necromancy.
 J - a +6 ring of strength (on tentacle)
 K - the cursed ring "Astral Rationality" (on tentacle) {Int+6, Self, Melee}
   (You found it on level 7 of the Dungeon)

   [ring of intelligence]

   Int+6:     It affects your intelligence (+6).
   It has a curse which improves the following skills: Introspection: Fighting
   and Spellcasting.
   Melee Combat: Short Blades, Long Blades, Axes, Maces & Flails, Polearms,
   Staves and Unarmed Combat.
Talismans
 b - a beast talisman
 c - a flux talisman (active)
Wands
 m - a wand of flame (35)
 u - a wand of paralysis (9)
 B - a wand of digging (5)
Scrolls
 d - 4 scrolls of vulnerability
 i - 2 scrolls of immolation
 k - 3 scrolls of teleportation
 n - a scroll of fear
 t - 2 scrolls of fog
 w - 2 scrolls of identify
Potions
 a - a potion of lignification
 e - 4 potions of mutation
 f - 8 potions of curing
 j - 2 potions of magic
 z - 2 potions of heal wounds
 C - 3 potions of enlightenment
 I - a potion of might


   Skills:
 + Level 6.1(7.3) Fighting
 + Level 1.1(2.5) Short Blades
 + Level 6.4(8.2) Dodging
 + Level 1.8(3.1) Stealth
 + Level 6.8(9.2) Unarmed Combat
 * Level 6.4(7.6) Spellcasting
 - Level 6.1 Hexes
 - Level 6.1(7.3) Summonings
 * Level 7.0 Ice Magic
 + Level 8.6(9.8) Shapeshifting


You had 12 spell levels left.
You knew the following spells:

 Your Spells              Type           Power      Damage    Failure   Level
a - Freeze                Ice            100%       1d10      1%          1
b - Frozen Ramparts       Ice            82%        1d13      1%          3
c - Call Canine Familiar  Summ           42%        N/A       1%          3
d - Summon Guardian Gole  Hex/Summ       39%        N/A       1%          3
e - Ozocubu's Armour      Ice            41%        N/A       1%          3

Your spell library contained the following spells:

 Spells                   Type           Power      Damage    Failure   Level
 Summon Small Mammal      Summ           100%       N/A       1%          1
 Ensorcelled Hibernation  Hex/Ice        78%        N/A       1%          2
 Jinxbite                 Hex            74%        N/A       1%          2
 Hailstorm                Conj/Ice       25%        3d7       4%          3
 Dazzling Flash           Conj/Hex       44%        N/A       6%          3
 Metabolic Englaciation   Hex/Ice        19%        N/A       13%         5
 Anguish                  Hex/Necr       11%        N/A       21%         4
 Ignite Poison            Fire/Tmut/Pois 8%         N/A       22%         3
 Stone Arrow              Conj/Erth      16%        3d8       22%         3
 Silence                  Hex/Air        11%        N/A       50%         5
 Petrify                  Tmut/Erth      8%         N/A       58%         4
 Sticky Flame             Conj/Fire      8%         2d3       58%         4
 Agony                    Necr           9%         N/A       88%         5
 Ozocubu's Refrigeration  Ice            20%        4d12      98%         7
 Ignition                 Fire           4%         3d4       100%        8
 Lehudib's Crystal Spear  Conj/Erth      4%         10d3      100%        8
 Animate Armour           Summ/Erth      Unusable   N/A       N/A         4

Dungeon Overview and Level Annotations

Branches:
Dungeon (11/15)            Temple (1/1) D:5            Lair (0/5) D:8
    Orc: D:9-12

Altars:
Ashenzari
Cheibriados
Dithmenos
Elyvilon
Fedhas
Gozag
Hepliaklqana
Kikubaaqudgha
Makhleb
Nemelex Xobeh
Okawaru
Qazlal
Ru
Sif Muna
Trog
Uskayaw
Vehumet
Wu Jian
Xom
Yredelemnul
Zin
The Shining One

Shops:
D:2 :


Innate Abilities, Weirdness & Mutations

You are something dangerously unstable.
You glow with magical radiation, making you easy to see and hit.
Foes you strike become dangerously contaminated with magical radiation.
You are incapable of wielding weapons or throwing items.
You cannot wear most types of armour.
You are amphibious.
You can wear up to eight rings at the same time.
Your skin changes colour to match your surroundings (Stealth+).
Your rubbery body absorbs attacks. (AC +1, EV +1)
((You are camouflaged when in or above water. (Stealth+)))
You have tentacles for arms and can constrict up to eight enemies at once.


Message History

The yak is lightly wounded.
The yak closely misses you. The yak gores you! The yak misses you.
The yak gores you but does no damage.
You bludgeon the yak!
The yak glows dangerously bright.
The yak is moderately wounded.
You bludgeon the yak!
The yak shudders as magic cascades through it!!
You kill the yak!
The yak misses you. The yak barely misses you. The yak gores you.
You bludgeon the yak!
The yak begins to glow.
You squeeze the yak.
The yak is heavily wounded.
You barely miss the yak. You squeeze the yak!
The yak is severely wounded.
The yak gores you. The yak gores you! x2
* * * LOW HITPOINT WARNING * * *
You are too injured to fight recklessly!
You are too injured to fight recklessly!
You are too injured to fight recklessly!
You bludgeon the yak!
The yak glows dangerously bright.
The yak is almost dead.
You tentacle-slap the yak.
You kill the yak!
The yak misses you. The yak gores you!
* * * LOW HITPOINT WARNING * * *
You bludgeon the yak!
The yak begins to glow.
You squeeze the yak.
The yak is moderately wounded.
You bludgeon the yak!
The yak glows dangerously bright.
The yak is heavily wounded.
The yak gores you.
* * * LOW HITPOINT WARNING * * *
The yak gores you.
* * * LOW HITPOINT WARNING * * *
You bludgeon the yak!
The yak shudders as magic cascades through it!
The yak twists and deforms.
You squeeze the yak.
The yak is almost dead.
The yak gores you.
* * * LOW HITPOINT WARNING * * *
The yak gores you!
You die...

.......#.#......##.
.......+.#.......#.
###+#########.###.....#.
......[.........#.....#.
............>...#######.
........................
........................
...............>........
......†pY...............
.......†Y...............
........................
........................
........................
..#######...............
. .........#.#.#. ......
........ .###+##


You could see 2 yaks.

Vanquished Creatures
  Pikel (D:7)
  2 yaks (D:11)
  3 water moccasins
  An orc warrior (D:8)
  2 black bears
  2 ice beasts (D:4)
  2 ogres (D:5)
  2 centaurs
  3 lemures (D:7)
  A phantom (D:5)
  A kobold brigand (D:9)
  3 bullfrogs
  A gnoll sergeant (D:8)
  5 scorpions
  4 wights
  A howler monkey (D:8)
  A jelly (D:7)
  Crazy Yiuf (D:6)
  3 hounds
  An orc priest (D:9)
  3 iguanas
  2 gnolls
  6 adders
  4 white imps
  2 dart slugs
  12 orcs
  3 ball pythons
  8 endoplasms
  A giant cockroach (D:1)
  4 goblins
  2 hobgoblins (D:1)
  3 jackals (D:1)
  8 kobolds
  2 quokkas (D:1)
  2 bats
  A frilled lizard (D:1)
  3 rats
106 creatures vanquished.

Vanquished Creatures (collateral kills)
  A troll (D:9)
  A black bear (D:8)
  A kobold brigand (D:8)
  An orc wizard (D:9)
  A gnoll (D:8)
  6 orcs
  6 kobolds (D:8)
17 creatures vanquished.

Vanquished Creatures (others)
  A steam dragon (D:8)
  An orc warrior (D:8)
  A kobold brigand (D:9)
  An orc priest (D:8)
  An orc wizard (D:7)
  2 orcs
  A kobold (D:9)
8 creatures vanquished.

Grand Total: 131 creatures vanquished

Notes
Turn   | Place    | Note
-------+----------+-------------------------------------------
     0 | D:1      | croobank the Octopode Shapeshifter began the quest for the
                  | Orb.
     0 | D:1      | Reached XP level 1. HP: 13/13 MP: 1/1
   190 | D:1      | Reached XP level 2. HP: 9/18 MP: 2/2
   725 | D:2      | Reached XP level 3. HP: 8/24 MP: 3/3
   870 | D:2      | Found Hyoqemoa's Book Shop.
  1929 | D:3      | Reached XP level 4. HP: 29/29 MP: 4/4
  2391 | D:4      | Noticed a scorpion
  2396 | D:4      | Killed a scorpion
  2397 | D:4      | Reached XP level 5. HP: 15/35 MP: 5/5
  2525 | D:4      | Found a glowing golden altar of the Shining One.
  2525 | D:4      | Found a white marble altar of Elyvilon.
  2526 | D:4      | Found a blossoming altar of Fedhas.
  3040 | D:4      | Found a hide-covered altar of Uskayaw.
  3586 | D:5      | Entered Level 5 of the Dungeon
  3586 | D:5      | Noticed an ice beast
  3586 | D:5      | Noticed a water moccasin
  3609 | D:4      | Killed an ice beast
  3610 | D:4      | Reached skill level 4 in Shapeshifting
  3610 | D:4      | Reached XP level 6. HP: 5/42 MP: 6/6
  3918 | D:5      | Reached XP level 7. HP: 17/46 MP: 7/7
  4556 | D:4      | Reached skill level 5 in Unarmed Combat
  4836 | D:5      | Reached skill level 5 in Shapeshifting
  4836 | D:5      | Reached XP level 8. HP: 39/54 MP: 8/8
  4898 | D:5      | Reached skill level 5 in Dodging
  5196 | D:5      | Learned a level 1 spell: Freeze
  5524 | D:5      | Found a staircase to the Ecumenical Temple.
  5697 | Temple   | Entered the Ecumenical Temple
  5706 | Temple   | Became a worshipper of Ashenzari the Shackled
  6101 | D:5      | Reached skill level 5 in Fighting
  6676 | D:6      | Reached XP level 9. HP: 61/61 MP: 9/9
  6918 | D:6      | Found a runed translucent door.
  6919 | D:6      | Noticed Crazy Yiuf
  6926 | D:6      | Learned a level 3 spell: Frozen Ramparts
  6931 | D:6      | Killed Crazy Yiuf
  6932 | D:6      | Reached skill level 6 in Shapeshifting
  6936 | D:6      | Identified the +0 hammer of Patience {flame, Dex+3}
  7142 | D:7      | Noticed Pikel
  7244 | D:7      | Killed Pikel
  7245 | D:7      | Reached skill level 1 in Spellcasting
  7449 | D:7      | Reached * piety under Ashenzari
  8047 | D:7      | Reached skill level 5 in Spellcasting
  8047 | D:7      | Reached skill level 5 in Ice Magic
  8047 | D:7      | Reached skill level 7 in Shapeshifting
  8047 | D:7      | Reached XP level 10. HP: 68/68 MP: 12/17
  8048 | D:7      | Reached skill level 8 in Shapeshifting
  8048 | D:7      | Reached XP level 11. HP: 72/72 MP: 12/20
  8098 | D:7      | Learned a level 3 spell: Ozocubu's Armour
  8102 | D:7      | Learned a level 3 spell: Call Canine Familiar
  8106 | D:7      | Learned a level 3 spell: Summon Guardian Golem
  8440 | D:8      | Found a staircase to the Lair.
  8469 | D:8      | Reached skill level 1 in Stealth
  9427 | D:9      | Reached skill level 1 in Short Blades
  9856 | D:9      | You fall into a shaft and drop 2 floors!
  9879 | D:11     | Reached ** piety under Ashenzari
  9964 | D:10     | Entered Level 10 of the Dungeon
  9978 | D:11     | Slain by a yak

Illustrated notes

Levels and vault maps discovered:
D:1:      minmay_arrival_four_houses, layout_rooms
D:2:      layout_basic, serial_shops, nicolae_book_shop_shelving
D:3:      layout_basic, chequers_serial_rivers_room_b
D:4:      layout_gridville, eat_drink_and_be_merry_uskayaw,
          gammafunk_temple_overflow_claw, grunt_decor_resistance
D:5:      layout_cave_pools, minmay_temple_entry_poolview,
          serial_co_window_serial, co_window_paths_b, co_window_cross_1,
          co_window_corner_a, co_window_of_opportunity_a,
          co_window_of_opportunity_a, co_window_unsneaky_path_a,
          co_window_paths_c, co_window_corner_ca, co_window_paths_c,
          co_window_broadway_b, co_window_4corner_b, glass_columns_a,
          glass_columns_b, glass_columns_a, glass_columns_a, glass_columns_c,
          reono_crystal_passage
D:6:      layout_basic, uniq_crazy_yiuf_cottage
D:7:      layout_gridville, uniq_pikel
D:8:      layout_cave_pools, lair_entry_dummy
D:9:      layout_basic, serial_shops,
          nicolae_shop_temple_entry_statues_fountains, uniq_maggie
D:10:     layout_roguey, dreamdust_gnoll_shepherd
D:11:     evilmike_iron_armoury, layout_irregular_city, serial_shops, shop,
          uniq_harold, uniq_amaemon, uniq_fannar
Temple:   compressed_dpeg_circular_temple

Skill      XL: |  1  2  3  4  5  6  7  8  9 10 11 |
---------------+----------------------------------+-----
Fighting       | 2 3 4 5 6 |  6.1
Dodging        | 3 4 5 6 |  6.4
Unarmed Combat | 4 5 6 |  6.8
Shapeshifting  | 4 5 7 8 |  8.6
Spellcasting   | 5 6 |  6.4
Ice Magic      | 5 6 7 |  7.0
Hexes          | 4 6 |  6.1
Summonings     | 4 6 |  6.1
Stealth        | 1 |  1.8
Short Blades   | 1 |  1.1

Action                     |  1- 3 |  4- 6 |  7- 9 | 10-12 || total
---------------------------+-------+-------+-------+-------++-------
  Melee: Unarmed           |    71 |     3 |       |    41 ||   115
         Constrict         |    16 |    16 |    25 |    13 ||    70
         Tentacles         |    11 |    19 |    50 |    18 ||    98
         Punch             |     3 |     4 |     8 |     2 ||    17
         Dagger            |       |    92 |   143 |    19 ||   254
  Throw: Dart              |     2 |     1 |       |       ||     3
         Throwing net      |       |     2 |     2 |       ||     4
   Cast: Freeze            |       |       |     1 |       ||     1
         Frozen Ramparts   |       |       |     1 |       ||     1
         Call Canine Famil |       |       |       |    13 ||    13
         Summon Guardian G |       |       |       |    10 ||    10
 Invoke: Curse Item        |       |       |     2 |     2 ||     4
  Evoke: Wand              |       |       |     5 |     2 ||     7
    Use: Scroll            |       |     9 |     7 |     1 ||    17
         Potion            |       |     2 |     5 |     2 ||     9
   Stab: Sleeping          |     7 |     5 |     3 |     1 ||    16
         Invisible         |       |     1 |       |       ||     1
         Distracted        |       |       |     1 |       ||     1
         Held in net/web   |       |       |     1 |       ||     1
         Paralysed         |       |       |    12 |       ||    12
 Armour: Skin              |    23 |    40 |    79 |    54 ||   196
  Dodge: Dodged            |    36 |    30 |    57 |    60 ||   183
   Form: Beast             |     2 |       |       |       ||     2
                           |     1 |       |       |       ||     1
         Flux              |       |       |       |     1 ||     1

Table legend: (Time is in decaauts)
 A = Elapsed time spent in this place.
 B = Non-inter-level travel time spent in this place.
 C = Inter-level travel time spent in this place.
 D = Time resting spent in this place.
 E = Time spent auto-exploring this place.
 F = Levels seen in this place.
 G = Mean time per level.
                   A        B        C        D        E       F      G
               +--------+--------+--------+--------+--------+-----+--------+
         Total |   9880 |   9420 |    460 |   2854 |   4892 |  12 |  823.3 |
       Dungeon |   9861 |   9411 |    450 |   2854 |   4892 |  11 |  896.5 |
        Temple |     18 |      9 |      9 |      0 |      0 |   1 |   18.0 |
               +--------+--------+--------+--------+--------+-----+--------+

Top non-repeatable levels by time:
     D:5: 1691 daAuts
     D:4: 1646 daAuts
     D:7: 1562 daAuts
     D:6: 1128 daAuts
     D:3: 965 daAuts
     D:8: 786 daAuts
     D:2: 786 daAuts
     D:1: 701 daAuts
     D:9: 474 daAuts
    D:11: 115 daAuts
  Temple: 18 daAuts
    D:10: 1 daAuts
